 Dungeon Crawl Stone Soup version 0.31-a0-240-gb923e448b6 (webtiles) character file.

Game seed: 9183607362218498841

44 qw the Shooter (level 3, -4/21 HPs)
             Began as a Gargoyle Hexslinger on July 11, 2023.
             Killed from afar by Terence (8 damage)
             ... with a puff of flame
             ... on level 2 of the Dungeon.
             The game lasted 00:00:24 (784 turns).

qw the Shooter (Gargoyle Hexslinger)                 Turns: 784, Time: 00:00:24

Health: -4/21      AC:  8    Str: 11    XL:     3   Next: 60%
Magic:  4/4        EV: 10    Int: 13    God:
Gold:   42         SH:  0    Dex: 14    Spells: 3/4 levels left

rFire   . . .        a - +2 arbalest (heavy)
rCold   . . .        (shield currently unavailable)
rNeg    + . .        d - +0 ring mail
rPois   inf          (no helmet)
rElec   +            (no cloak)
rCorr   .            (no gloves)
SInv    .            (no boots)
Will    .....        (no amulet)
Stlth   +            (no ring)
HPRegen 0.23/turn    (no ring)
MPRegen 0.09/turn

%: no passive effects
@: no status effects
A: sickness immunity, AC +3, negative energy resistance 1, electricity
resistance, torment resistance 1, petrification resistance
a: no special abilities


You were on level 2 of the Dungeon.
You visited 1 branch of the dungeon, and saw 2 of its levels.

You collected 86 gold pieces.
You spent 44 gold pieces at shops.


Innate Abilities, Weirdness & Mutations

You are immune to sickness and miasma.
Your stone body is resilient. (AC +3)
You are immune to poison.
You resist negative energy. (rN+)
You are resistant to electric shocks. (rElec)
You are resistant to unholy torment.
You are immune to petrification.


   Skills:
 - Level 2.0 Fighting
 + Level 3.5 Ranged Weapons
 - Level 1.5 Dodging
 - Level 1.0 Spellcasting
 - Level 2.6 Hexes


You had 3 spell levels left.
You knew the following spells:

 Your Spells              Type           Power      Damage    Failure   Level
a - Slow                  Hex            28%        N/A       22%         1

Your spell library contained the following spells:

 Spells                   Type           Power      Damage    Failure   Level
 Inner Flame              Hex/Fire       4%         N/A       75%         3
 Portal Projectile        Hex/Tloc       8%         N/A       75%         3
 Cause Fear               Hex            3%         N/A       92%         4

Inventory:

Hand Weapons
 a - a +2 heavy arbalest (weapon)
Armour
 c - the +2 ratskin cloak {*Rats rPois rN+ Str-1 Int-1 Dex+1}
   (You found it on level 2 of the Dungeon)

   *Rats:     When the wearer is hurt, rats may emerge from it to assist them.
   Str:       It affects your strength (-1).
   Int:       It affects your intelligence (-1).
   Dex:       It affects your dexterity (+1).
   rPois:     It protects you from poison.
   rN:        It protects you from negative energy.
 d - a +0 ring mail (worn)
 i - a scarf of harm
Scrolls
 g - 3 scrolls of identify
 j - 2 scrolls of noise {unknown}
Potions
 b - a potion of attraction {unknown}
 e - a potion of degeneration {unknown}
 f - a potion of brilliance {unknown}
 h - a potion of lignification {unknown}
 k - a potion of haste {unknown}
 l - a potion of mutation {unknown}
 m - a potion of enlightenment {unknown}
 n - a potion of magic {unknown}

Dungeon Overview and Level Annotations

Branches:
Dungeon (2/15)

Altars:

Shops:
D:2 [(?

Annotations:
D:2 Terence


Message History

You can access your shopping list by pressing '$'.
You now have 42 gold pieces (gained 11).
You open the door.
There is an open door here.
You enter the shallow water.
Moving in this stuff is going to be slow.
k - a yellow potion
Enter note:
Enter note:
Enter note:
Enter note:
l - an amethyst potion
m - an orange potion
n - a sapphire potion You enter the shallow water.
Moving in this stuff is going to be slow.
There is an open door here.
Terence the Incautious comes into view.
He is wielding a +1 hand axe of freezing and carrying a wand of flame (5).
Terence shouts!
Enter note:
Enter note:
Enter note:
Enter note: You shoot a bolt.
The bolt closely misses Terence.
You shoot a bolt. The bolt barely misses Terence.
Terence zaps a wand.
The puff of flame hits you. Terence hits you but does no damage.
You shoot a bolt. The bolt closely misses Terence.
Terence asks, "Do you want it fast or slow?"
Terence hits you with a +1 hand axe of freezing.
Terence freezes you.
Terence zaps a wand.
The puff of flame hits you but does no damage.
You shoot a bolt.
The bolt hits Terence but does no damage.
Terence zaps a wand.
The puff of flame hits you.
Terence zaps a wand.
The puff of flame hits you! Terence closely misses you.
You shoot a bolt. The bolt barely misses Terence.
Terence barely misses you. Terence closely misses you.
Terence zaps a wand.
The puff of flame hits you!
You die...

#..................\
#...#.....#....###.###..
..............<.#..# ###
...................#
..........#.##.#...#
.?........#.##.....# .
..........~.~...#..# #.
#.....?.#.~.~..##.......
.#.@..~.~..# #...##
#@##.~\~%.# #....# ...
#.~~~..###.##.## .....
#.####.....##... #.....
#.# #..##.#.... #.....
#.####.......... #.....
#..........##... #.....
######..#..##...
#..........


You could see Terence.

Vanquished Creatures
  3 dart slugs (D:1)
  5 endoplasms (D:1)
  3 giant cockroaches (D:1)
  4 goblins
  A hobgoblin (D:2)
  2 jackals (D:1)
  A quokka (D:1)
  5 bats
  3 frilled lizards (D:1)
  A kobold (D:1)
  7 rats
35 creatures vanquished.

Notes
Turn   | Place    | Note
-------+----------+-------------------------------------------
     0 | D:1      | qw the Gargoyle Hexslinger began the quest for the Orb.
     0 | D:1      | Reached XP level 1. HP: 12/12 MP: 2/2
     0 | D:1      | 0 ||| qw: Version: 0.3-a-52-g30416fa
     0 | D:1      | 0 ||| qw: Game counter: 5996
     0 | D:1      | 0 ||| qw: Melee chars always use a shield: true
     0 | D:1      | 0 ||| qw: God list: Okawaru
     0 | D:1      | 0 ||| qw: Allow faded altars: false
     0 | D:1      | 0 ||| qw: Do Orc after clearing Dungeon:15 true
     0 | D:1      | 0 ||| qw: Do second Lair branch before Depths: true
     0 | D:1      | 0 ||| qw: Lair rune preference: random
     0 | D:1      | 0 ||| qw: Goals: Normal
     0 | D:1      | 0 ||| PLANNING D:1-11
   130 | D:1      | Reached XP level 2. HP: 16/16 MP: 3/3
   157 | D:1      | Reached skill level 3 in Ranged Weapons
   319 | D:1      | Reached XP level 3. HP: 20/21 MP: 4/4
   353 | D:1      | Found a faded altar of an unknown god.
   590 | D:1      | 590 ||| UPGRADING to +0 ring mail.
   600 | D:1      | 600 ||| DROPPING +0 robe.
   601 | D:1      | 601 ||| READING scroll labelled ESUWNI IRUHES.
   602 | D:1      | 602 ||| READING scroll labelled KEIRCH CESENWU.
   603 | D:1      | 603 ||| READING scroll labelled TYORRI CUBB.
   603 | D:1      | Identified a scroll of acquirement
   603 | D:1      | 603 ||| ACQUIRING +2 heavy arbalest
   603 | D:1      | Acquired a +2 heavy arbalest
   605 | D:1      | 605 ||| SWAPPING to +2 heavy arbalest.
   606 | D:1      | 606 ||| DROPPING +1 sling.
   607 | D:1      | 607 ||| DROPPING scroll of poison.
   611 | D:2      | Found Feit's Armour Shoppe.
   613 | D:2      | Found Jumnikam's Antique Weapon Boutique.
   641 | D:2      | 641 ||| SHOPLISTING +0 helmet (54 gold, have 48).
   641 | D:2      | 641 ||| SHOPLISTING +1 robe of the Untouchables {rF+
                  | Slay+2} (337 gold, have 48).
   641 | D:2      | 641 ||| SHOPLISTING +5 ring mail of Hangman {-Tele *Corrode
                  | rElec Str+7} (541 gold, have 48).
   644 | D:2      | Found the +2 ratskin cloak {*Rats rPois rN+ Str-1 Int-1
                  | Dex+1}
   659 | D:2      | Found Peidyrch's Magic Scroll Shoppe.
   689 | D:2      | 689 ||| SHOPLISTING scroll of acquirement (572 gold, have
                  | 62).
   689 | D:2      | 689 ||| BUYING scroll of identify (22 gold).
   689 | D:2      | Bought a scroll of identify for 22 gold pieces
   689 | D:2      | 689 ||| BUYING scroll of identify (22 gold).
   689 | D:2      | Bought a scroll of identify for 22 gold pieces
   689 | D:2      | 689 ||| SHOPLISTING scroll of teleportation (33 gold, have
                  | 18).
   779 | D:2      | Noticed Terence
   783 | D:2      | HP: 4/21 [Terence/puff of flame (10)]
   784 | D:2      | Killed from afar by Terence

Levels and vault maps discovered:
D:1:      dpeg_arrival_three_bigger_balls, layout_basic,
          ebering_ecumenical_altar_hall, minmay_misc_feat_doors,
          minmay_misc_feat_plants
D:2:      layout_rooms, serial_shops, nicolae_shop_hallway_plus,
          nicolae_shop_tiny_statue_garden, shop, shop_scrolls,
          nicolae_shop_peninsula, minmay_misc_feat_iff, dk_vineyard_1,
          uniq_terence

Skill      XL: |  1  2  3 |
---------------+----------+-----
Ranged Weapons | 3 |  3.5
Fighting       | 2 |  2.0
Dodging        | |  1.5
Spellcasting   | |  1.0
Hexes          | |  2.6

Action                     || total
---------------------------++-------
   Fire: Sling             ||    70
         Arbalest          ||    16
    Use: Scroll            ||     3
 Armour: Robe              ||     4
         Ring mail         ||     7
  Dodge: Dodged            ||    29

Table legend:
 A = Non-vault XP
 B = Vault XP
 C = Vault XP percentage of total XP
 D = Non-vault monster count
 E = Vault monster count
 F = Vault count percentage of total count
                 A         B        C        D         E       F
            +---------+---------+-------+---------+---------+-------
      Total |      63 |       0 |   0.0 |      35 |       0 |   0.0
            +---------+---------+-------+---------+---------+-------
        D:1 |      52 |       0 |   0.0 |      28 |       0 |   0.0
        D:2 |      11 |       0 |   0.0 |       7 |       0 |   0.0
            +---------+---------+-------+---------+---------+-------
